details: 'der.moerder(ne) random'

« prev index next »

General information

Mini Map

Players

team 1
NightElfder.moerder (teal | 73 APM | 1057 actions | 14:28)
Hero icon 2 Demon Hunter
Ability icon 1 Mana Burn
Ability icon 1 Evasion
Hero icon 2 Dark Ranger
Ability icon 1 Black Arrow
Ability icon 1 Life Drain

» actions
Assign group hotkey29
Build / train52
Enter build submenu13
Enter hero's abilities submenu4
Remove unit from queue3
Right click462
Select / deselect221
Select group hotkey239
Use ability34
1057 total
» units
Wisp11
Archer9
Druid of the Talon6
Dryad7
Druid of the Claw2
35 total
» upgrades
Abolish Magic1
Strength of the Wild1
Reinforced Hides1
Druid of the Claw Training1
4 total
» buildings
Moon Well5
Altar of Elders1
Ancient of War1
Tree of Ages1
Hunter's Hall2
Ancient of Wind1
Ancient of Lore2
Ancient of Wonders1
Tree of Eternity1
15 total
» build order
00:08 Moon Well
00:15 Altar of Elders
00:35 Ancient of War
01:36 Moon Well
02:38 Tree of Ages
03:50 Hunter's Hall
04:03 Moon Well
05:25 Hunter's Hall
05:37 Ancient of Wind
06:07 Moon Well
06:43 Ancient of Lore
06:48 Ancient of Lore
08:21 Ancient of Wonders
10:22 Moon Well
12:22 Tree of Eternity
» items
Scroll of Town Portal1
Potion of Healing1
2 total
team 2
Random» Humantimg4strok (green | 133 APM | 1926 actions | 14:30)
Hero icon 4 Archmage
Ability icon 2 Summon Water Elemental
Ability icon 2 Brilliance Aura
Hero icon 1 Mountain King
Ability icon 1 Storm Bolt

» actions
Assign group hotkey32
Basic commands65
Build / train60
ESC pressed3
Enter build submenu20
Enter hero's abilities submenu5
Right click903
Select / deselect266
Select group hotkey514
Use ability58
1926 total
» units
Peasant17
Footman9
Spell Breaker5
Mortar Team7
Sorceress1
39 total
» upgrades
Flare1
Lumber Harvesting1
2 total
» buildings
Altar of Kings1
Barracks1
Farm7
Scout Tower4
Arcane Tower2
Arcane Vault1
Keep1
Blacksmith1
Arcane Sanctum2
Workshop1
Lumber Mill1
Guard Tower2
Town Hall1
25 total
» build order
00:06 Altar of Kings
00:08 Barracks
00:13 Farm
00:42 Farm
01:26 Farm
01:45 Scout Tower
02:15 Arcane Tower
02:53 Arcane Vault
03:47 Keep
04:24 Farm
04:25 Blacksmith
05:52 Farm
06:21 Arcane Sanctum
06:26 Workshop
06:41 Arcane Sanctum
06:50 Lumber Mill
06:53 Scout Tower
07:07 Farm
08:01 Guard Tower
08:13 Farm
10:53 Town Hall
11:08 Scout Tower
11:09 Scout Tower
12:34 Guard Tower
12:35 Arcane Tower
» items
Scroll of Regeneration5
Potion of Healing1
6 total